 Dungeon Crawl Stone Soup version 0.21-a0-529-g8c7b3f5 (webtiles) character file.

1164 KristoblXynda the Chopper (level 8, -1/57 HPs)
             Began as a Barachi Gladiator on Dec 10, 2017.
             Slain by an orc wizard
             ... wielding a +0 dagger of electrocution
              (8 damage)
             ... on level 5 of the Dungeon.
             The game lasted 00:07:34 (3869 turns).

KristoblXynda the Chopper (Barachi Gladiator)       Turns: 3869, Time: 00:07:35

Health: -1/57      AC: 12    Str: 15    XL:     8   Next: 40%
Magic:  8/8        EV: 11    Int: 10    God:
Gold:   254        SH:  9    Dex: 15    Spells: 7/7 levels left

rFire    . . .     SeeInvis .   a - +1 war axe
rCold    . . .     Gourm    .   A - +0 shield
rNeg     . . .     Faith    .   g - +3 ring mail
rPois    .         Spirit   .   c - +0 helmet
rElec    .         Reflect  .   h - +0 cloak
rCorr    .         Harm     .   (no gloves)
MR       .....                  (no boots)
Stlth    ++........             (no amulet)
HPRegen  0.19/turn              b - ring of stealth
MPRegen  0.11/turn              (no ring)

@: slow
A: +LOS, swims, slowness 1, strong legs 1
a: Hop


You were on level 5 of the Dungeon.
You were hungry.

You visited 1 branch of the dungeon, and saw 5 of its levels.

You collected 254 gold pieces.

Inventory:

Hand Weapons
 a - a +1 war axe (weapon)
 q - a +1 flail of draining
Missiles
 d - 3 throwing nets (quivered)
Armour
 c - a +0 helmet (worn)
 g - a +3 ring mail (worn)
 h - a +0 cloak (worn)
 A - a +0 shield (worn)
Jewellery
 b - a ring of stealth (left hand)
 n - an uncursed amulet of regeneration {unknown}
 D - an uncursed amulet of regeneration {unknown}
Wands
 E - a wand of iceblast (6)
 G - a wand of disintegration (14)
Scrolls
 e - 4 scrolls of remove curse
 i - 4 scrolls of identify {unknown}
 j - 4 scrolls of teleportation
 l - a scroll of fear {unknown}
 m - 2 scrolls of amnesia {unknown}
 p - a scroll of noise {unknown}
 r - a scroll of fog {unknown}
 u - 3 scrolls of enchant weapon
 v - 2 scrolls of magic mapping {unknown}
 y - a scroll of blinking {unknown}
Potions
 k - a potion of curing
 o - 2 potions of agility
 s - 2 potions of lignification {unknown}
 w - a potion of cancellation {unknown}
 x - a potion of invisibility {unknown}
 B - 2 potions of heal wounds
 C - 2 potions of brilliance {unknown}
 F - a potion of ambrosia {unknown}
Comestibles
 f - 5 bread rations
 t - 3 royal jellies
 z - 3 meat rations


   Skills:
 - Level 2.4 Fighting
 + Level 6.9 Axes
 - Level 2.0 Throwing
 + Level 6.5 Armour
 - Level 5.3 Dodging
 + Level 4.2 Shields


You had 7 spell levels left.
You didn't know any spells.

Dungeon Overview and Level Annotations

Branches:
Dungeon (5/15)
 Temple: D:4-7

Altars:
Fedhas
Ru
Trog
Xom
Zin


Innate Abilities, Weirdness & Mutations

Shadows flee at your approach. (+LOS)
You can swim through water.
You cover ground slowly.
You can hop short distances.


Message History

You kill the orc!
The orc wizard casts a spell at you. The magic dart hits you!
The orc wizard completely misses you. The orc hits you but does no damage.
The ogre hits you with a giant club!
* * * LOW HITPOINT WARNING * * *
You closely miss the orc. x2; You hit the orc wizard.
You block the orc wizard's attack. The orc hits you with a club.
* * * LOW HITPOINT WARNING * * *
You block the orc's attack.
You completely miss the orc wizard.
The orc wizard is lightly wounded.
You slash the orc!
You kill the orc!
You hit the orc.
You kill the orc!
You hit the ogre.
You kill the ogre!
The orc wizard hits you but does no damage.
You are electrocuted!
You die...

##..#..##
##....#..#####
#.............
##.............
##.............
##....(...$...##
.##......o.......#
........†))...#
#....)..)@o..##
##...........#
#.........###
#........##
#.......##
#..#....#
#..#..... ..
#....# ####.


You could see an orc wizard and an orc.

Vanquished Creatures
  Menkaure (D:4)
  Edmund (D:4)
  A phantom (D:4)
  3 ogres
  A bullfrog (D:1)
  A hound (D:4)
  An orc wizard (D:2)
  2 iguanas (D:4)
  Jessica (D:3)
  Ijyb (D:4)
  Natasha (twice) (D:4)
  2 worker ants (D:4)
  A hound skeleton (D:4)
  7 gnolls
  4 adders
  A shadow imp (D:4)
  An ooze (D:4)
  4 worms
  3 dart slugs
  4 leopard geckos
  10 orcs
  3 ball pythons
  2 giant cockroaches
  11 goblins
  15 hobgoblins
  3 jackals (D:2)
  3 quokkas
  6 bats
  7 frilled lizards
  A jackal skeleton (D:4)
  16 kobolds
  A leopard gecko skeleton (D:4)
  6 rats
126 creatures vanquished.

Notes
Turn   | Place    | Note
-------+----------+-------------------------------------------
     0 | D:1      | KristoblXynda the Barachi Gladiator began the quest for the Orb.
     0 | D:1      | Reached XP level 1. HP: 17/17 MP: 1/1
    51 | D:1      | Reached XP level 2. HP: 19/23 MP: 2/2
    88 | D:1      | Reached skill level 1 in Armour
   470 | D:1      | Reached XP level 3. HP: 25/28 MP: 3/3
   835 | D:2      | Noticed a bullfrog
   966 | D:1      | Killed a bullfrog
   966 | D:1      | Reached XP level 4. HP: 25/34 MP: 4/4
   968 | D:1      | Reached XP level 5. HP: 29/39 MP: 5/5
  1465 | D:2      | Found a sacrificial altar of Ru.
  1731 | D:3      | Reached XP level 6. HP: 44/46 MP: 6/6
  1810 | D:3      | Reached skill level 5 in Dodging
  1827 | D:3      | Found a glowing silver altar of Zin.
  1887 | D:3      | Reached skill level 5 in Axes
  2317 | D:3      | Found a bloodstained altar of Trog.
  2317 | D:3      | Found a blossoming altar of Fedhas.
  2408 | D:3      | Noticed Jessica
  2417 | D:3      | Killed Jessica
  2717 | D:4      | Reached skill level 1 in Shields
  2717 | D:4      | Reached XP level 7. HP: 33/51 MP: 7/7
  2759 | D:4      | Noticed Menkaure
  2768 | D:4      | Killed Menkaure
  2768 | D:4      | Reached skill level 5 in Armour
  3020 | D:4      | Found a sacrificial altar of Ru.
  3061 | D:4      | Noticed Ijyb
  3072 | D:4      | Killed Ijyb
  3327 | D:4      | Reached XP level 8. HP: 53/57 MP: 8/8
  3346 | D:4      | Found a shimmering altar of Xom.
  3389 | D:4      | Noticed Natasha
  3405 | D:4      | Killed Natasha
  3465 | D:4      | Noticed Edmund
  3486 | D:4      | Killed Edmund
  3800 | D:4      | Noticed Natasha
  3806 | D:4      | Killed Natasha
  3859 | D:5      | Entered Level 5 of the Dungeon
  3869 | D:5      | Slain by an orc wizard

Vault maps used:
D:1:      dpeg_arrival_renting
D:2:      first_bread, nicolae_ru_great_annihilating_truth
D:3:      nicolae_overflow_crystal_walls, gammafunk_temple_overflow_elements,
          kennysheep_jessica_study
D:4:      kennysheep_the_goblin_king, lemuel_doored_altar,
          nicolae_overflow_hidden_temple, uniq_menkaure, uniq_natasha,
          uniq_edmund
D:5:      wad_crossroads, lemuel_round_altar, minmay_temple_entry_mist

Skill      XL: |  1  2  3  4  5  6  7  8 |
---------------+-------------------------+-----
Armour         | 1 2 3 4 5 6 |  6.5
Axes           | 4 5 6 |  6.9
Dodging        | 4 5 |  5.3
Shields        | 1 3 4 |  4.2
Fighting       | |  2.4
Throwing       | |  2.0

Action                   |  1- 3 |  4- 6 |  7- 9 || total
-------------------------+-------+-------+-------++-------
Melee: War axe           |    94 |   184 |   126 ||   404
Throw: Tomahawk          |       |     2 |       ||     2
 Abil: Hop               |     1 |       |       ||     1
  Use: Potion            |     2 |       |     3 ||     5
       Scroll            |       |     3 |       ||     3
 Stab: Sleeping          |       |     3 |     1 ||     4
       Paralysed         |       |     1 |       ||     1
  Eat: Chunk             |     1 |     6 |     4 ||    11
Armor: Leather armour    |     3 |       |       ||     3
       Ring mail         |    37 |    68 |    54 ||   159
Dodge: Dodged            |    95 |   182 |    51 ||   328
Block: Shield            |       |       |    58 ||    58

Table legend:
 A = Spawn XP
 B = Non-spawn XP
 C = Spawn XP percentage of total XP
 D = Spawn monster count
 E = Non-spawn monster count
 F = Spawn count percentage of total count
 G = Total turns spent on level
                    A         B        C        D         E        F      G
               +---------+---------+-------+---------+---------+-------+---------
         Total |       0 |    1664 |   0.0 |       0 |     126 |   0.0 |  3869
               +---------+---------+-------+---------+---------+-------+---------
           D:1 |       0 |     189 |   0.0 |       0 |      27 |   0.0 |   981
           D:2 |       0 |     113 |   0.0 |       0 |      35 |   0.0 |   663
           D:3 |       0 |     243 |   0.0 |       0 |      29 |   0.0 |  1067
           D:4 |       0 |     992 |   0.0 |       0 |      31 |   0.0 |  1148
           D:5 |       0 |     127 |   0.0 |       0 |       4 |   0.0 |    10
               +---------+---------+-------+---------+---------+-------+---------
